Cogmind - Beta 13 @@@ ROGUE MODE // 2024.04.28 @ 18:02:02 Player: Rubbe Result: Destroyed by L-31 Rogue with Katana Performance ------------- Evolutions (2) 1000 Regions Visited (3) 600 Robots Destroyed (23) 115 Value Destroyed (587) 587 Prototype IDs (0) 0 Alien Tech Used (0) 0 Bonus (0) 0 TOTAL SCORE: 2302 Bonus ------- None Cogmind --------- Core Integrity 0/550 Matter 176/300 Energy 95/100 System Corruption 0% Temperature Cool (8) Movement Treading (160) Location -8/Materials Parts ------- > --- POWER (1) -------- (None) > --- PROPULSION (2) --- Light Treads > --- UTILITY (5) ------ Targeting Computer Targeting Computer Light Armor Plating > --- WEAPON (3) ------- (None) > --- INVENTORY (5) ---- Scrap Shield Fragment (38) Peak State ------------ > --- POWER ------------ Neutrino Core > --- PROPULSION ------- Aluminum Leg Aluminum Leg > --- UTILITY ---------- High-capacity Battery Subdweller Optics Targeting Computer Scrap Shield > --- WEAPON ----------- Subdweller Laser Subdweller Beam Cannon Flamer > --- INVENTORY -------- Scrap Shield Fragment [Rating: 22] Favorites ----------- Power Ion Engine Engine Ion Engine Power Core Neutrino Core Propulsion Light Treads Treads Light Treads Leg Aluminum Leg Hover Unit Backup Propulsion I Utility Small Storage Unit Device Structural Scanner Storage Small Storage Unit Processor Targeting Computer Protection Scrap Shield Weapon Light Assault Rifle Energy Gun Subdweller Laser Energy Cannon Subdweller Beam Cannon Ballistic Gun Light Assault Rifle Ballistic Cannon Improved Light Cannon Launcher Rocket Launcher Special Weapon Flamer Build | -11 -10 -10 -8 ------- Run | Yrd Mat Sub Mat Slots Evolved 4 | . . . 4 Power . | . . . . Propulsion . | . . . . Utility 3 | . . . 3 Weapon 1 | . . . 1 Parts Attached 30 | 6 2 10 12 Power 3 | 1 . 1 1 Engine 2 | 1 . . 1 Core 1 | . . 1 . Reactor . | . . . . Propulsion 6 | 2 . 3 1 Treads 3 | 2 . . 1 Leg 3 | . . 3 . Wheel . | . . . . Hover . | . . . . Flight . | . . . . Utility 9 | 1 1 2 5 Device 2 | . 1 . 1 Storage 3 | 1 . 1 1 Processor 2 | . . . 2 Hackware . | . . . . Protection 2 | . . 1 1 Artifact . | . . . . Weapon 12 | 2 1 4 5 Energy Gun 3 | . . 2 1 Energy Cannon 1 | . . 1 . Ballistic Gun 3 | 2 . 1 . Ballistic Cannon 1 | . . . 1 Launcher 2 | . . . 2 Special Weapon 2 | . 1 . 1 Impact Weapon . | . . . . Slashing Weapon . | . . . . Piercing Weapon . | . . . . Special Melee Weapon . | . . . . Unidentified Prototypes . | . . . . Parts Lost 23 | . . 6 17 Power 3 | . . 1 2 Propulsion 6 | . . 2 4 Utility 3 | . . . 3 Weapon 11 | . . 3 8 Highest Loss Streak 9 | . . 5 9 To Critical Strikes . | . . . . Average Slot Usage (%) 81 | . 98 76 73 Engine 4 | . 14 2 1 Core 5 | . . 7 6 Treads 9 | . 28 4 . Leg 13 | . . 21 13 Device 6 | . 12 3 6 Storage 7 | . 14 3 7 Processor 3 | . . . 11 Protection 6 | . . 10 6 Energy Gun 7 | . . 11 8 Energy Cannon 5 | . . 8 6 Ballistic Gun 7 | . 25 3 . Special Weapon 1 | . 2 . 3 Naked Turns . | . . . . Heaviest Build 52 | 12 13 44 52 Greatest Support 40 | 40 40 40 20 Greatest Overweight (x) 4 | 1 . 2 4 Average Overweight (x) . | . . 1 1 Largest Inventory Capacity 8 | 8 8 8 5 Average Capacity 6 | 7 8 5 5 Most Carried 8 | 6 8 8 5 Average Carried 4 | 3 6 5 2 Final Capacity 8 | 8 8 5 5 Final Carried 8 | 4 8 5 1 Class Distribution -------------------- 62% | Mutant 24% | Subdweller-Mutant 9% | Subdweller-Gunner 3% | Scavenger-Mutant Dominant Class ---------------- Mutant | -10/Materials Subdweller-Mutant | -10/Subcaves Subdweller-Gunner | -8/Materials Resources | -11 -10 -10 -8 ----------- Run | Yrd Mat Sub Mat Matter Collected 522 | 264 54 80 124 Remotely . | . . . . Salvage Created 835 | 80 103 89 563 Parts 48 | 2 20 3 23 Haulers Intercepted 1 | . . . 1 Recyclers Shooed 1 | . . . 1 Parts Field Recycled . | . . . . Retrieved Matter . | . . . . Parts Self-Destructed 9 | . . 9 . Prevented . | . . . . Kills | -11 -10 -10 -8 ------- Run | Yrd Mat Sub Mat Combat Hostiles Destroyed 15 | . 3 3 9 Guns 8 | . 3 3 2 Cannons 3 | . . . 3 AOE 4 | . . . 4 Classes Destroyed 11 | 1 3 1 6 Worker 1 | . 1 . . Builder 2 | . 2 . . Hauler 1 | . . . 1 Recycler 4 | 1 . . 3 Swarmer 5 | . 3 2 . Grunt 4 | . . . 4 Brawler 1 | . . . 1 Sentry 2 | . . . 2 Hunter 1 | . . . 1 Heavy 1 | . . . 1 Subdweller 1 | . . 1 . Best Kill Streak 8 | 1 4 2 8 Combat Bots Only 5 | . 3 2 5 Max Kills in Single Turn 3 | 1 1 1 3 Gunslinging . | . . . . Exploded 1 | . . . 1 Melee . | . . . . Uniques/NPCs Destroyed . | . . . . Combat | -11 -10 -10 -8 -------- Run | Yrd Mat Sub Mat Hostile Shots Fired 156 | . 28 32 96 Missed 42 | . 4 12 26 Damage Taken 2641 | . 201 554 1886 Core 688 | . 49 74 565 Absorbed by Shields . | . . . . Regen/Repaired (Parts) 57 | . . . 57 Core Remaining (%) 75 | 100 . 50 . Volleys Fired 66 | 2 21 9 34 Largest 3 | 2 2 2 3 Hottest 240 | 40 40 60 240 Shots Fired 114 | 4 35 14 61 Gun 85 | 4 34 14 33 Cannon 10 | . . . 10 Launcher 16 | . . . 16 Special 3 | . 1 . 2 Kinetic 51 | 4 34 10 3 Thermal 46 | . 1 3 42 Explosive 16 | . . . 16 Electromagnetic 1 | . . 1 . Robot Hit Streak 11 | 3 4 5 11 Robot Miss Streak 4 | 1 3 4 3 Penetration Max . | . . . . Secondary Targets 1 | . . 1 . Max Gunslinging Chain 1 | . . 1 . Shots Hit Robots 72 | 3 19 8 42 Core Hits 50 | 2 11 4 33 Critical Kills . | . . . . Critical Parts Destroyed 1 | . . . 1 Critical Strikes 1 | . . . 1 Destroy 1 | . . . 1 Melee Attacks . | . . . . Impact . | . . . . Slashing . | . . . . Piercing . | . . . . Sneak Attacks . | . . . . Combat Hostiles . | . . . . Follow-up Attacks . | . . . . Damage Inflicted 1647 | 21 172 116 1338 Guns 614 | 21 172 116 305 Cannons 196 | . . . 196 Explosions 835 | . . . 835 Melee . | . . . . Ramming 2 | . . . 2 Kinetic 292 | 21 172 40 59 Thermal 506 | . . 64 442 Explosive 835 | . . . 835 Electromagnetic 12 | . . 12 . Impact . | . . . . Slashing . | . . . . Piercing . | . . . . Highest Corruption . | . . . . Average Corruption . | . . . . Corruption Purged . | . . . . Corruption Blocked . | . . . . Overload Shots . | . . . . Overflow Damage 27 | . . . 27 Projectiles . | . . . . Explosions 27 | . . . 27 Melee . | . . . . Knockbacks 1 | . . . 1 Impact . | . . . . Kinetic 1 | . . . 1 Secondary . | . . . . Self-Inflicted Damage 112 | . . . 112 Shots 3 | . . . 3 Rammed . | . . . . Targets Rammed 1 | . . . 1 Kicked 1 | . . . 1 Crushed . | . . . . Highest Temperature 315 | . . . 315 Average Temperature 78 | . . . 78 Received Heat Transfer 495 | . . 81 414 Siege Activations . | . . . . Robots Corrupted . | . . . . Combat Hostiles . | . . . . Parts Fried . | . . . . Impact Corruptions . | . . . . Robots Melted . | . . . . Combat Hostiles . | . . . . Parts Melted 1 | . . 1 . Heat Transferred 990 | . . 75 915 Parts Sabotaged . | . . . . Parts Stolen . | . . . . Parts Stripped . | . . . . Power Chain Reactions . | . . . . Alert | -11 -10 -10 -8 ------- Run | Yrd Mat Sub Mat Peak Influence 273 | 5 85 . 273 Initial . | . . . . Average 38 | 3 15 . 91 Maximum Alert Level 1 | . . . 1 Low Security (%) 98 | 100 100 . 96 Level 1 1 | . . . 3 Level 2 . | . . . . Level 3 . | . . . . Level 4 . | . . . . Level 5 . | . . . . High Security . | . . . . Max Security . | . . . . Squads Dispatched 4 | . . . 4 Investigation 2 | . . . 2 Extermination . | . . . . Reinforcement 2 | . . . 2 Assault . | . . . . Garrison . | . . . . Intercept . | . . . . Searches Triggered . | . . . . Construction Impeded 1 | . . . 1 Haulers Reinforced . | . . . . Active Scanning Responses . | . . . . Cargo Convoy Interrupts . | . . . . Stealth | -11 -10 -10 -8 --------- Run | Yrd Mat Sub Mat Distress Signals . | . . . . Communications Jammed . | . . . . Distress Signals . | . . . . Times Spotted 33 | . 3 14 16 Peak Tracking Total 6 | . 3 6 6 Tactical Retreats 2 | . . . 2 Traps | -11 -10 -10 -8 ------- Run | Yrd Mat Sub Mat Traps Triggered . | . . . . Indirectly . | . . . . Trap Hack Attempts . | . . . . Triggered . | . . . . Disarmed . | . . . . Reprogrammed . | . . . . Reused . | . . . . Traps Extracted . | . . . . Installed . | . . . . Triggered . | . . . . Machines | -11 -10 -10 -8 ---------- Run | Yrd Mat Sub Mat Machines Disabled 3 | . . . 3 Max in Single Turn 2 | . . . 2 Machines Repaired . | . . . . Machines Dismantled . | . . . . Machines Sabotaged . | . . . . Overloaded Fab Kills . | . . . . Hacking | -11 -10 -10 -8 --------- Run | Yrd Mat Sub Mat Machines Accessed 4 | . 1 . 3 Terminals 2 | . . . 2 Fabricators . | . . . . Repair Stations 1 | . . . 1 Recycling Units 1 | . 1 . . Scanalyzers . | . . . . Garrison Access . | . . . . Total Hacks 11 | . 1 . 10 Successful 6 | . 1 . 5 Failed 5 | . . . 5 Catastrophic . | . . . . Database Lockouts . | . . . . Manual . | . . . . Terminals 7 | . . . 7 Fabricators . | . . . . Repair Stations 3 | . . . 3 Recycling Units 1 | . 1 . . Scanalyzers . | . . . . Garrison Access . | . . . . Terminal Hacks 2 | . . . 2 Record 1 | . . . 1 Hauler Manifests 1 | . . . 1 Fabricator Hacks . | . . . . Repair Station Hacks 3 | . . . 3 Scan Component 1 | . . . 1 Repair 1 | . . . 1 Refit 1 | . . . 1 Recycling Unit Hacks 1 | . 1 . . Report Inventory 1 | . 1 . . Scanalyzer . | . . . . Garrison Access Hacks . | . . . . Unauthorized Hacks . | . . . . Terminals . | . . . . Fabricators . | . . . . Repair Stations . | . . . . Recycling Units . | . . . . Scanalyzers . | . . . . Garrison Access . | . . . . Data Cores Recovered . | . . . . Used . | . . . . Hacking Detections 3 | . . . 3 Full Trace Events 3 | . . . 3 Feedback Events . | . . . . Feedback Blocked . | . . . . Robot Schematics Acquired . | . . . . Robots Built . | . . . . Authchips . | . . . . Time . | . . . . Total Robot Build Rating . | . . . . Part Schematics Acquired . | . . . . Parts Built . | . . . . Authchips . | . . . . Time . | . . . . Total Part Build Rating . | . . . . Parts Repaired 1 | . . . 1 Time 32 | . . . 32 Parts Recycled . | . . . . Recycled Matter . | . . . . Retrieved Matter . | . . . . Retrieved Components . | . . . . Parts Scanalyzed . | . . . . Part Schematics Acquired . | . . . . Parts Damaged . | . . . . Bothacking | -11 -10 -10 -8 ------------ Run | Yrd Mat Sub Mat Used RIF Installer . | . . . . Robots Hacked . | . . . . Non-combat . | . . . . Combat . | . . . . Robot Hacks Applied . | . . . . Relay Couplers Released . | . . . . Fabnet Peak Effective % . | . . . . Robots Rewired . | . . . . Allies Hacked . | . . . . Hacks Repelled . | . . . . Allies | -11 -10 -10 -8 -------- Run | Yrd Mat Sub Mat Total Allies . | . . . . Largest Group . | . . . . Highest-Rated Group . | . . . . Highest-Rated Ally . | . . . . Total Orders . | . . . . Ally Attacks . | . . . . Total Damage . | . . . . Kills . | . . . . Allies Corrupted . | . . . . Allies Melted . | . . . . Intel | -11 -10 -10 -8 ------- Run | Yrd Mat Sub Mat Robot Analysis Total . | . . . . Derelict Logs Recovered . | . . . . Drone Launches . | . . . . Drone Recoveries . | . . . . Exploration | -11 -10 -10 -8 ------------- Run | Yrd Mat Sub Mat Turns Passed 1934 | 490 369 581 494 Spaces Moved 727 | 138 169 252 168 Core 60 | 15 . 19 26 Treads 348 | 123 169 52 4 Legs 302 | . . 181 121 Wheels . | . . . . Hover 17 | . . . 17 Flight . | . . . . Fastest Speed 50 | 50 160 100 50 Average Speed 190 | 149 160 209 225 Slowest Speed 260 | 160 160 260 260 Overloaded Moves . | . . . . Propulsion Burnouts . | . . . . Robots Hopped . | . . . . Cave-ins Triggered . | . . . . Exploration Rate (%) 14 | 13 12 19 15 Regions Visited 3 Branch Regions 1 Pre-discovered Areas . | . . . . Known Exits Taken . | . . . . Unknown Exits Taken 3 | 1 1 1 . Scrap Searched 1 | . . 1 . Spaces Dug . | . . . . Terrain Destroyed 107 | . . . 107 Melee . | . . . . Projectile 2 | . . . 2 AOE 105 | . . . 105 Terrain Rammed . | . . . . Walls Destroyed . | . . . . Machines Disabled . | . . . . Actions | -11 -10 -10 -8 --------- Run | Yrd Mat Sub Mat Total 1176 | 419 239 295 223 Wait 315 | 264 41 10 . Move 724 | 137 168 251 168 Hop . | . . . . Pick Up 33 | 10 6 9 8 Fast Attach . | . . . . Attach 26 | 6 1 7 12 Detach 1 | . . 1 . Swap 4 | . 1 3 . Drop 6 | . 1 5 . Fire 66 | 2 21 9 34 Melee . | . . . . Ram . | . . . . Kick 1 | . . . 1 Crush . | . . . . Escape Stasis . | . . . . Rewire . | . . . . Trap . | . . . . Miscellaneous . | . . . . Route ------- -11/Scrapyard -10/Materials -10/Subcaves -8/Materials History --------- Turn | Location | Event 3 | -11/Scrapyard | Discovered new exit (range 15) 491 | -11/Scrapyard | Entered Materials 492 | -10/Materials | Build established: Mutant 553 | -10/Materials | Discovered new exit (range 11) 860 | -10/Materials | Entered Subcaves 950 | -10/Subcaves | Ambushed by swarm of Subdwellers 959 | -10/Subcaves | Ambushed by Subdweller buried in earth 994 | -10/Subcaves | Lost 5 parts (1p2n2w) 1030 | -10/Subcaves | Lost 3 allies 1042 | -10/Subcaves | Shifting Twisted Machinery released Sub. Power Source 1043 | -10/Subcaves | Shifting Twisted Machinery released Sub. Laser 1403 | -10/Subcaves | Build established: Subdweller-Mutant 1412 | -10/Subcaves | Discovered new exit (range 15) 1441 | -10/Subcaves | Entered Materials 1441 | -8/Materials | Evolved 4 slots: Utility x3, Weapon x1 1852 | -8/Materials | Lost 9 parts (1p2n2u4w) 1870 | -8/Materials | Core integrity fell below 50% 1919 | -8/Materials | Repaired Imp. Ion Engine? 1925 | -8/Materials | Core integrity fell below 20% 1935 | -8/Materials | Destroyed by L-31 Rogue with Katana Last Messages --------------- ALERT: Suspicious activity at Repair Station M002. Dispatching Investigation squad. U-05 Engineer lays Concrete. Critical hit (Burn: +37). Acquired Imp. Light Cannon. Backup Power I destroyed. G-47 Trooper destroyed. Backup Propulsion I destroyed. Imp. Light Cannon severed. [Achievement: Crack Shot] [Achievement: Part-time Mechanic] >> REPAIR: Completed Imp. Ion Engine? B-36 Bruiser destroyed. Backup Laser I destroyed. Backup Propulsion I destroyed. Acquired Lgt. Treads. Acquired Lgt. Armor Plating. Acquired 53 matter. Acquired 4 matter. Critical hit (Burn: +37). Map ----- +----------------------------------------------------+ | ?????????????????????????????????????????????????? | | ?????????????????????????????????????????????????? | | ?????????????????????????????????????????????????? | | ?????????????????????????????????????????????????? | | ?????????????????????????????????????????????????? | | ?????????????????????????????????????????????????? | | ?????????????????????????????????????????????????? | | ?????????????????????????????????????????????????? | | ?????????????????????????????????????????? ????? | | ?????????????????????????????????????????? ????? | | ?????????????????????????????????????????# " #???? | | ???????????????????????????? ????????????#"%"#???# | | ???????????????????????????? ????????????/ " #### | | ???????????????????????????? ????????????# =# | | ???????????????????????????? ??????????? # =[# | | ???????????????????????????? ??????????### [%#! | | ???????????????????????????? ?????????? *[=[ | | ???????????????????????????? ?????????### = # | | ???????????????????????????# #????????# # [ | | ???????????????????????????# #????????# % # | | ??????????????????????###??# #????????## | | ??????????????????????# #??# #????????# ## % | | ????????????### #######/#### #????????# # % # | | ????????????+ ; %g !# #????????# ## # | | ?????????????????# ] % ! # ########## # | | ?????????????????# %l@g# #?? | | ?????????????????# *"" + # ##? | | ?????????????????# """"" # # #? | | ?????????????????# """"" ####"######### # #? | | ?????????????????# """"" # #????## % #? | | ?????????????????# """ # #????# % # #? | | ?????????????????########### #????# ** ##? | | ???????????????????????????# " " #????### ##?? | | ???????????????????????????# "R" #??????##"% #?? | | ???????????????????????????# """ #???????## "##?? | | ???????????????????????????########????????#%##??? | | ???????????????????????????????????????????# #???? | | ???????????????????????????????????????????#%#???? | | ???????????????????????????????????????????# #???? | | ???????????????????????????????????????????# #???? | | ???????????????????????????????????????????# #???? | | ???????????????????????????????????????????# #???? | | ???????????????????????????????????????????# #???? | | ???????????????????????????????????????????# #???? | | ???????????????????????????????????????????# #???? | | ???????????????????????????????????????????# ##### | | ??????????????????????????###??????????????# ## | | ???????????????????????####%#??????????????# ## " | | ???????????????????????# *!#?????????????## ##! " | | ???????????????????????# [#?????????????# # " | +----------------------------------------------------+ Best States ------------- Heat Dissipation 31 Energy Generation 19 Energy Capacity 565 Matter Stores 300 Matter Capacity 300 Sight Range 21 Terrain Scan Density 10 Armor Coverage 800 Evasion (%) 50 Targeting Accuracy 10 Recoil Reduction 2 Item Schematics ----------------- None Robot Schematics ------------------ None Fabricated ------------ Nothing Alien Tech Used ----------------- None Achievements -------------- Crack Shot Part-time Mechanic Challenges ------------ None Game ------ Seed AccelerationMagneticPlating Manual? 0 Play Time 00:21:18 Cumulative 1.4 hours Start 2024.04.28 @ 17:38:56 End 2024.04.28 @ 18:02:02 Sessions 1 Manual Loads 0 Difficulty Rogue Special Mode None Game No. 4 Rogue 4 Adventurer 0 Explorer 0 Win Type - Total 0 Types 0/0/0/0/0/0/0/0/0 Lore% 0 Gallery% 7 Achievement% 7 Wizard Run 0 Options --------- Layout 1 ASCII 0 Keyboard 0 Movement Mouse Keybinds 0 Fullscreen 1 Font 24/Smallcaps Map View 50x35 Zoom Use 0% Tactical HUD 0 Map Filters NONE Filters NONE Steam 1 RUN: 1718790c-fe4d-4f07-be0d-29dfebb546dc